 Dungeon Crawl Stone Soup version 0.17-a0-1435-geafbe2f (webtiles) character file.

1341 ztt the Covered (level 8, -14/70 HPs)
             Began as a Minotaur Fighter on June 26, 2015.
             Was a Follower of Okawaru.
             Demolished by a cyan ugly thing (17 damage)
             ... on level 6 of the Dungeon.
             The game lasted 00:05:14 (4215 turns).

ztt the Covered (Minotaur Fighter)                  Turns: 4215, Time: 00:05:16

Health: -14/70     AC:  9    Str: 29    XL:     8   Next: 35%
Magic:  7/7        EV: 10    Int:  5    God:    Okawaru [*.....]
Gold:   213        SH: 11    Dex:  9    Spells: 0 memorised, 7 levels left

rFire  . . .     SeeInvis .     a - +0 war axe
rCold  . . .     Clarity  .     b - +0 scale mail
rNeg   . . .     SustAt   .     c - +0 shield
rPois  .         Gourm    .     (helmet restricted)
rElec  .         Spirit   .     y - +0 cloak
rCorr  .         Warding  .     (no gloves)
rMut   .         Stasis   .     (no boots)
MR     .....                    h - amulet of regeneration
Stlth  ..........               (no ring)
                                (no ring)

@: mighty, not resistant to hostile enchantments, extremely unstealthy
A: retaliatory headbutt, horns 2
a: Heroism, Renounce Religion


You were on level 6 of the Dungeon.
You worshipped Okawaru.
Okawaru was aware of your devotion.
You were not hungry.

You visited 2 branches of the dungeon, and saw 7 of its levels.

You collected 213 gold pieces.

Inventory:

Hand weapons
 a - a +0 war axe (weapon)
Armour
 b - a +0 scale mail (worn)
 c - a +0 shield (worn)
 y - a +0 cloak (worn)
Jewellery
 g - an uncursed ring of fire
 h - an amulet of regeneration (around neck)
 w - an uncursed amulet of stasis {unknown}
Scrolls
 e - a scroll of random uselessness {unknown}
 l - 4 scrolls of identify
 n - 2 scrolls of noise {unknown}
 o - 2 scrolls of fog {unknown}
 p - 2 scrolls of remove curse
 q - a scroll of magic mapping {unknown}
 t - a scroll of blinking {unknown}
 u - a scroll of teleportation
 v - 4 scrolls of enchant armour {unknown}
Potions
 i - 3 potions of curing {unknown}
 j - a potion of flight
 k - a potion of magic
 x - a potion of cancellation {unknown}
 A - a potion of lignification {unknown}
 C - 2 potions of haste {unknown}
Comestibles
 f - 6 fruits
 m - a meat ration
 r - 2 beef jerkies
 s - a bread ration
 z - a slice of pizza
 B - 2 chunks of flesh


   Skills:
 + Level 6.1 Fighting
 + Level 6.4 Axes
 + Level 6.7 Armour
 + Level 4.9 Dodging
 + Level 0.3 Stealth
 + Level 6.1 Shields


You had 7 spell levels left.
You didn't know any spells.

Dungeon Overview and Level Annotations

Branches:
Dungeon (6/15)             Temple (1/1) D:4

Altars:
Ashenzari
Dithmenos
Elyvilon
Kikubaaqudgha
Makhleb
Nemelex Xobeh
Okawaru
Qazlal
Ru
Sif Muna
Vehumet
Xom
Zin
The Shining One


Innate Abilities, Weirdness & Mutations

You reflexively headbutt those who attack you in melee.
You have a pair of horns on your head.


Message History

You slash the cyan ugly thing!
The cyan ugly thing is moderately wounded.
The cyan ugly thing trunk-slaps you!
* * * LOW HITPOINT WARNING * * *
The cyan ugly thing shocks you!
* * * LOW HITPOINT WARNING * * *
Your shield and scale mail prevent you from hitting the cyan ugly thing.
Your headbutt misses the cyan ugly thing.
The cyan ugly thing is moderately wounded.
The cyan ugly thing trunk-slaps you but does no damage.
You barely miss the cyan ugly thing. You headbutt the cyan ugly thing.
The cyan ugly thing is moderately wounded.
You block the cyan ugly thing's attack.
You barely miss the cyan ugly thing.
Your headbutt misses the cyan ugly thing.
The cyan ugly thing is moderately wounded.
You block the cyan ugly thing's attack. The cyan ugly thing trunk-slaps you.
* * * LOW HITPOINT WARNING * * *
The cyan ugly thing shocks you!
You die...

####### #.#.....##
?........+
#.#..###u#
######@#####.###
#..........>...
##.###.###..### ..
##'####+# #.
#.......+ #
+.......# #
###'##..#
##.#####.##+####+##
#.....'.............


You could see a cyan ugly thing.

Vanquished Creatures
  Grinder (D:3)
  An ice beast (D:5)
  Blork the orc (D:5)
  7 scorpions
  2 crimson imps (D:5)
  2 orc wizards (D:5)
  2 giant frog skeletons (D:5)
  A hound (D:6)
  An iguana (D:4)
  A jelly (D:6)
  A centaur skeleton (D:5)
  A worker ant (D:5)
  A hound skeleton (D:5)
  A hound zombie (D:5)
  14 adders
  4 gnolls (D:6)
  An ooze (D:4)
  5 worms
  3 orcs
  18 bats
  2 giant cockroaches
  13 goblins
  9 hobgoblins
  7 jackals
  2 quokkas
  4 giant geckos
  10 giant newts
  10 kobolds
  11 rats
136 creatures vanquished.

Notes
Turn   | Place    | Note
--------------------------------------------------------------
     0 | D:1      | ztt the Minotaur Fighter began the quest for the Orb.
     0 | D:1      | Reached XP level 1. HP: 19/19 MP: 0/0
   188 | D:1      | Reached skill level 4 in Armour
   213 | D:1      | Reached XP level 2. HP: 27/27 MP: 1/1
   946 | D:2      | Reached XP level 3. HP: 33/33 MP: 2/2
  1602 | D:2      | Found a deep blue altar of Sif Muna.
  1667 | D:2      | Reached XP level 4. HP: 40/40 MP: 3/3
  1804 | D:3      | Reached skill level 1 in Dodging
  2033 | D:3      | Noticed Grinder
  2041 | D:3      | Killed Grinder
  2041 | D:3      | Reached skill level 5 in Armour
  2041 | D:3      | Reached XP level 5. HP: 29/47 MP: 4/4
  2041 | D:3      | Reached XP level 6. HP: 32/53 MP: 5/5
  2200 | D:4      | Found a sacrificial altar of Ru.
  2323 | D:4      | Found a glowing silver altar of Zin.
  2326 | D:4      | Found a glowing golden altar of the Shining One.
  2327 | D:4      | Found a white marble altar of Elyvilon.
  2374 | D:4      | Found a staircase to the Ecumenical Temple.
  2430 | Temple   | Entered the Ecumenical Temple
  2659 | Temple   | Became a worshipper of Warmaster Okawaru
  2908 | D:5      | Entered Level 5 of the Dungeon
  2912 | D:5      | Reached skill level 5 in Fighting
  2988 | D:5      | Reached skill level 5 in Shields
  3039 | D:5      | Noticed Blork the orc
  3047 | D:5      | Killed Blork the orc
  3047 | D:5      | Reached XP level 7. HP: 46/61 MP: 6/6
  3097 | D:5      | Reached skill level 5 in Axes
  3519 | D:5      | Reached skill level 6 in Armour
  3555 | D:5      | Found a glowing drain.
  3595 | D:5      | Acquired Okawaru's first power
  3635 | D:5      | Found a shadowy altar of Dithmenos.
  3727 | D:5      | Reached XP level 8. HP: 51/70 MP: 7/7
  3878 | D:5      | Found a shadowy altar of Dithmenos.
  4206 | D:6      | Noticed a cyan ugly thing
  4212 | D:6      | HP: 3/70 [cyan ugly thing (13)]
  4215 | D:6      | Demolished by a cyan ugly thing

Vault maps used:
D:1:      dpeg_arrival_connections, minmay_misc_feat_more_columns,
          minmay_misc_feat_tiny, serial_bayou_crossing
D:2:      led_sif_pool
D:3:      first_bread, nrook_loot_triangle, uniq_grinder
D:4:      good_gods_temple_1, grunt_ministairs_15, nicolae_ru_awakened_eye
D:5:      old_forge, nicolae_dithmenos_the_darkroom, basic_altar,
          gup_sewer_entry_glass, uniq_blork_the_orc
D:6:      kennysheep_mini_moat
Temple:   minmay_temple_curvy_8

Action                   |  1- 3 |  4- 6 |  7- 9 || total
-------------------------+-------+-------+-------++-------
Melee: War axe           |   105 |   110 |   181 ||   396
  Use: Scroll            |     4 |       |       ||     4
       Potion            |       |       |     1 ||     1
  Eat: Bread ration      |     2 |       |       ||     2
       Fruit             |     1 |       |       ||     1
       Chunk             |       |       |     3 ||     3
